 Dungeon Crawl Stone Soup version 0.27-a0-1188-g73eefd5def (webtiles) character file.

Game seed: 15080400457435092460

9 chippings the Sneak (level 2, -16/24 HPs)
             Began as a Mummy Delver on May 20, 2021.
             Was an Initiate of Okawaru.
             Demolished by an ogre
             ... wielding a +0 giant club
              (20 damage)
             ... on level 5 of the Dungeon.
             The game lasted 00:01:36 (539 turns).

chippings the Sneak (Mummy Delver)                   Turns: 539, Time: 00:01:37

Health: -16/24     AC:  3    Str: 15    XL:     2   Next: 3%
Magic:  2/2        EV: 11    Int:  9    God:    Okawaru [......]
Gold:   0          SH:  0    Dex: 13    Spells: 1/1 levels left

rFire    x . .     SeeInvis .   a - +0 mace
rCold    + . .     Faith    .   (no shield)
rNeg     + + +     Spirit   .   b - +0 leather armour
rPois    ∞         Reflect  .   (no helmet)
rElec    .         Harm     .   (no cloak)
rCorr    .         Rampage  .   (no gloves)
Will     .....                  (no boots)
Stlth    ++........             (no amulet)
HPRegen  0.08/turn              (no ring)
MPRegen  0.08/turn              (no ring)

@: no status effects
A: cold resistance 1, negative energy resistance 3, torment resistance 2, heat
vulnerability 1, no potions
a: Renounce Religion


You were on level 5 of the Dungeon.
You worshipped Okawaru.
Okawaru was noncommittal.
You visited 2 branches of the dungeon, and saw 2 of its levels.

Inventory:

Hand Weapons
 a - a +0 mace (weapon)
Armour
 b - a +0 leather armour (worn)
Wands
 f - a wand of digging (1)
Scrolls
 c - a scroll of fog
 d - a scroll of magic mapping
 e - a scroll of fear


   Skills:
 + Level 3.2 Fighting
 * Level 2.1 Maces & Flails
 - Level 1.5 Dodging
 - Level 4.1 Stealth


You had one spell level left.
You didn't know any spells.
Your spell library was empty.

Dungeon Overview and Level Annotations

Branches:
Dungeon (5/15)             Temple (1/1) D:5

Altars:
Ashenzari
Cheibriados
Dithmenos
Elyvilon
Fedhas
Makhleb
Nemelex Xobeh
Okawaru
Ru
Trog
Vehumet
Wu Jian
Xom
Yredelemnul

Annotations:
D:5 3 runed translucent doors, Blork the orc; Dvallin's ghost, novice MiBe


Innate Abilities, Weirdness & Mutations

You are immune to poison.
Your flesh is cold resistant. (rC+)
You are immune to negative energy. (rN+++)
You are immune to unholy pain and torment.
You are vulnerable to heat. (rF-)
You do not drink.


Message History

Press: ? - help, Shift-Dir - straight line A rock wall.
The rock shatters into small pieces. 2 orcs come into view.
An orc priest comes into view.
It is wielding a +0 dagger. 2 gnolls come into view.
A gnoll comes into view. It is wielding a +0 spear.
The gnoll shouts! x3
Blork the orc shouts!
Blork the orc miscasts a cantrip.
You open the door.
A white imp comes into view.
There is an open door here.
The white imp shouts!
The white imp barely misses you.
The white imp shouts, "Take thy face hence, thou gleeking crepe-taped zombie-fodder!"
The white imp gestures at you. The puff of frost hits you. You resist.
You open the door.
A centaur zombie comes into view.
The gnoll hits you but does no damage. The white imp gestures at you.
The puff of frost hits you. You resist. The white imp gestures at you.
The puff of frost hits you. You resist.
There is an open door here.
You open the door. The white imp hits you. The white imp freezes you.
You resist. The gnoll hits you with a +0 club. The white imp gestures at you.
The puff of frost hits you. You resist.
* * * LOW HITPOINT WARNING * * *
There is an open door here.
The gnoll hits you with a +0 club.
* * * LOW HITPOINT WARNING * * *
Found a stone staircase leading down.
An ogre comes into view. It is wielding a +0 giant club.
The ogre shouts!
The ogre hits you with a +0 giant club!!
Ouch! That really hurt!
You die...

#.......Z.'.......
#g#########g...... #g#
#....... #.# ##o##...
#5# #.# ... #####.# #.#
.. #.....# #.# #
#....g####### #.#
###########...O@.......
#o#
#.........#######......
#.# #........ ......
#.# #....... ### .....
#.# #...... ....
.......#.#####
#..[..#######
......o......
#.....#.(....
......#......
#.....#.......#..#
##'####......
#####.#.......+..# #..#
#.####.


You could see an ogre, 3 gnolls and a white imp.

Vanquished Creatures
  An adder (D:5)
1 creature vanquished.

Vanquished Creatures (others)
  2 plants (D:5)
2 creatures vanquished.

Grand Total: 3 creatures vanquished

Notes
Turn   | Place    | Note
-------+----------+-------------------------------------------
     0 | D:5      | chippings the Mummy Delver began the quest for the Orb.
     0 | D:5      | Reached XP level 1. HP: 18/18 MP: 1/1
    25 | D:5      | Reached XP level 2. HP: 10/24 MP: 2/2
   258 | D:5      | Found a staircase to the Ecumenical Temple.
   262 | D:5      | Noticed Blork the orc
   266 | Temple   | Entered the Ecumenical Temple
   330 | Temple   | Became a worshipper of Warmaster Okawaru
   388 | D:5      | Noticed a yak
   390 | D:5      | Noticed Dvallin's ghost (novice MiBe)
   391 | D:5      | Found a runed translucent gate.
   391 | D:5      | Found a runed translucent gate.
   392 | D:5      | Found a runed translucent gate.
   394 | D:5      | Noticed an ice beast
   407 | D:5      | Noticed a scorpion
   441 | D:5      | Noticed a necrophage
   536 | D:5      | Noticed an ogre
   539 | D:5      | Demolished by an ogre

Illustrated notes

Levels and vault maps discovered:
D:5:      layout_basic, minmay_temple_entry_overgrown, serial_shops,
          shop_statue, gammafunk_ghost_split, uniq_blork_the_orc
Temple:   nicolae_temple_great_sept

Skill      XL: |  1 |
---------------+----+-----
Maces & Flails | 2 |  2.1
Fighting       | |  3.2
Dodging        | |  1.5
Stealth        | |  4.1

Action                   || total
-------------------------++-------
Melee: Mace              ||     7
Evoke: Wand              ||     2
Armor: Leather armour    ||     4
Dodge: Dodged            ||     4

Table legend: (Time is in decaauts)
 A = Elapsed time spent in this place.
 B = Non-inter-level travel time spent in this place.
 C = Inter-level travel time spent in this place.
 D = Time resting spent in this place.
 E = Time spent auto-exploring this place.
 F = Levels seen in this place.
 G = Mean time per level.
                   A        B        C        D        E       F      G
               +--------+--------+--------+--------+--------+-----+--------+
         Total |    541 |    541 |      0 |      0 |    236 |   2 |  270.5 |
       Dungeon |    466 |    466 |      0 |      0 |    236 |   1 |  466.0 |
        Temple |     74 |     74 |      0 |      0 |      0 |   1 |   74.0 |
               +--------+--------+--------+--------+--------+-----+--------+

Top non-repeatable levels by time:
     D:5: 466 daAuts
  Temple: 74 daAuts
